Workbook

Sheet CARATULA
B2: ESTADOS FINANCIEROS CADIEM CASA DE BOLSA S.A. s/ Res. N° 35/2023 Título 3 Anexo F

Sheet ÍNDICE
B2: INDICE
B4: INFORMACIÓN GENERAL DE LA ENTIDAD | C4: 01
B5: BALANCE GENERAL | C5: 02
B6: ESTADO DE RESULTADO | C6: 03
B7: FLUJO DE EFECTIVO | C7: 04
B8: EVOLUCIÓN DEL PATRIMONIO NETO | C8: 05
B9: NOTAS A LOS ESTADOS CONTABLES (NOTA 1 a NOTA 4) | C9: 06
B10: NOTAS A LOS ESTADOS CONTABLES NOTA 5 (INCISO A a I) | C10: 07
B11: NOTAS A LOS ESTADOS CONTABLES NOTA 5 (INCISO J) | C11: 08
B12: NOTAS A LOS ESTADOS CONTABLES NOTA 5 (INCISO K a W) | C12: 09
B13: NOTAS A LOS ESTADOS CONTABLES (NOTA 6 a NOTA 12) | C13: 10
B14: CARTERA DE INVERSIONES - ANEXO I | C14: 11
B15: BIENES DE USO - ANEXO II | C15: 12
... B17: COMPOSICIÓN ACCIONARIA - ANEXO DE CAPITAL | C17: 14

Sheet 01
A1: Índice
B2: INFORMACIÓN GENERAL DE LA ENTIDAD
B3: Información al 31/12/2023
B4: 1. IDENTIFICACIÓN
B6: Razón Social: | E6: Cadiem Casa de Bolsa S.A.
B7: Registro CNV: | E7: N° 017 según Res. N° 754/04
B8: Código Bolsa: | E8: N° 017 según Res N° 524/04
B9: Dirección Oficina Principal: | E9: Quesada N° 4926 Edif. Atlas Center Piso 6i
B10: Teléfono: | E10: (021) 610-720
B11: E-mail: | E11: cadiem@cadiem.com.py
B12: Sitio Página Web: | E12: www.cadiem.com.py
B13: Domicilio Legal: | E13: Quesada N° 4926 Edif. Atlas Center Piso 6i
B15: 2. ANTECEDENTES DE CONSTITUCIÓN DE LA SOCIEDAD
B17: Escritura N°: 334 Fecha: 12/11/2003 Inscripción en Registro Público: N° 03, Serie C, Folio 28 y sgtes. Sección Contratos Fecha: 07/01/2004; Escritura N°: 001 Fecha: 02/01/2007 Inscripción en Registro Público: N° 291, Serie E, Folio 2581 y sgtes. Sección Contratos Fecha: 17/04/2007; Escritura N°: 878 Fecha: 24/10/211 Inscripción en Registro Público: N° 28, Serie F, Folio 220 y sgtes. Fecha: 06/04/2012; Escritura N°: 1486 Fecha: 28/11/2014 Inscripción en Registro Público: N° 164. Serie I, Folio 2153 Fecha: 16/02/2015; Escritura N°: 455 Fecha: 02/06/2017 Inscripción en Registro Público: N° 1. Serie Comercial, Folio 1/15 Fecha: 17/08/2017, reingreso 19/09/2017.
B23: 3. Administración
B25: CARGO | E25: NOMBRE Y APELLIDO
B26: Representantes Legales
B27: Presidente | E27: Elías Miguel Gelay
B28: Vice-presidente | E28: César Paredes Franco
B29: Director | E29: Gloria Ayala Person
B30: Sindico | E30: Juana Pabla Galeano
B31: Plana Ejecutiva
B32: Gerente Administrativo | E32: Myriam Celeste Silva
B33: Gerente Comercial | E33: Natalia Raquel Trinidad
B34: Gerente de Estructuraciones | E34: Viviana Mabel Cabrera
B35: Gerente de Tecnología de la Información | E35: Roberto Rufino Acosta
B36: Auditoría Interna | E36: Jessica Pamela Díaz
B37: Contador | E37: Jorge Ramón Ugarte
B39: 4. CAPITAL Y PROPIEDAD
B41: El capital social se fija en Gs. 60.000.000.000 según Acta de Asamblea N° 34 de fecha 25/03/2022, distribuido en 60.000 acciones nominativas con Valor Nominal Gs. 1.000.000, de Clase Ordinaria Voto Múltiple (OVM) Ordinaria Simple (OS) y Preferidas.
B43: Capital Emitido | E43: Gs. 60.000.000.000
B44: Capital Suscripto | E44: Gs. 44.797.000.000
B45: Capital Integrado | E45: Gs. 37.443.000.000
B46: Valor Nominal de las Acciones | E46: Gs. 1.000.000
B48: Cuadro de Capital Integrado
B49: N° | C49: Accionista | D49: Cantidad de Acciones | E49: Clase | F49: Voto | G49: Monto | H49: % de participación en capital integrado
B50: 1 | C50: Nominativa | D50: 15740 | E50: OVM | F50: 78700 | G50: 15740000000 | H50: 0.4203723
B51: 2 | C51: Nominativa | D51: 15703 | E51: OS | F51: 15703 | G51: 15703000000 | H51: 0.41938413
B52: 3 | C52: Nominativa | D52: 2000 | E52: Preferida A | F52: 0 | G52: 2000000000 | H52: 0.053414523
B53: 4 | C53: Nominativa | D53: 2000 | E53: Preferida B | F53: 0 | G53: 2000000000 | H53: 0.053414523
B54: 5 | C54: Nominativa | D54: 2000 | E54: Preferida C | F54: 0 | G54: 2000000000 | H54: 0.053414523
B55: TOTAL | D55: =SUM(D50:D54) -> 37443 | F55: =SUM(F50:F54) -> 94403 | G55: =SUM(G50:G54) -> 37443000000 | H55: =SUM(H50:H54) -> 1
B57: Cuadro de Capital Suscripto
B58: N° | C58: Accionista | D58: Cantidad de Acciones | E58: Clase | F58: Voto | G58: Monto | H58: % de participación en capital suscripto
B59: 1 | C59: Nominativa | D59: 24000 | E59: OVM | F59: 120000 | G59: 24000000000 | H59: 0.52512964
B60: 2 | C60: Nominativa | D60: 15703 | E60: OS | F60: 15703 | G60: 15703000000 | H60: 0.34358795
B61: 3 | C61: Nominativa | D61: 2000 | E61: Preferida A | F61: 0 | G61: 2000000000 | H61: 0.043760803
B62: 4 | C62: Nominativa | D62: 2000 | E62: Preferida B | F62: 0 | G62: 2000000000 | H62: 0.043760803
B63: 5 | C63: Nominativa | D63: 2000 | E63: Preferida C | F63: 0 | G63: 2000000000 | H63: 0.043760803
B64: TOTAL | D64: =SUM(D59:D63) -> 45703 | F64: =SUM(F59:F63) -> 135703 | G64: =SUM(G59:G63) -> 45703000000 | H64: =SUM(H59:H63) -> 1
B65: Cuadro s/ Res. 1/19 expresado en el Anexo de Capital
B67: 5. AUDITOR EXTERNO INDEPENDIENTE
B69: Nombre: | D69: Amaral & Asociados
B70: Registro CNV: | D70: AE 023
B71: Dirección: | D71: 25 de Mayo N° 1894 esq. Gral. Aquino
B72: Teléfono: | D72: 202-760
B74: 6. PERSONAS Y EMPRESAS VINCULADAS
B76: 6.1 Vinculada Controlante
B77: Denominación: | E77: Cadiem A.F.P.I.S.A.
B78: Dirección: | E78: Quesada N° 4926 Edif. Atlas Center Piso 6i
B79: Actividad Principal: | E79: Administradora de Fondos de Inversión
B80: Participación dentro del Capital: | E80: 0.849
B81: Votos: | E81: 0.8478
B82: 6.2 Personas Vinculadas
B83: Elías Miguel Gelay: | D83: Presidente con el 21,59% de los Votos - 12,40% del Capital
B84: César Paredes Franco: | D84: Vice-Presidente con el 21,59% de los Votos – 12,40% del Capital
B85: Gloria Ayala Person: | D85: Director con el 21,59% de los Votos – 12,54 % del Capital
B86: Liliana Yolanda Meza: | D86: Accionista con el 21,52% de los Votos – 12,36 % del Capital
B87: Juana Pabla Galeano: | D87: Síndico
B88: Myriam Celeste Silva: | D88: Gte. Administrativo
B89: Natalia Raquel Trinidad: | D89: Gte. Comercial
B90: Roberto Rufino Acosta: | D90: Gte. Tecnología de la Información
B91: Viviana Mabel Cabrera: | D91: Gte. Estructuraciones
B92: Jorge Ramón Ugarte | D92: Contador
B93: Jessica Pamela Díaz: | D93: Auditor Interno

Sheet 02
A1: Índice
B2: CADIEM CASA DE BOLSA S.A.
B3: BALANCE GENERAL
B4: Correspondiente al 31/12/2023, presentado en forma comparativa con el ejercicio cerrado al 31/12/2022
B5: EN GUARANIES
B7: ACTIVO | C7: Nota | D7: 45291 | E7: 44926 | F7: PASIVO | G7: Nota | H7: =+D7 -> 45291 | I7: =+E7 -> 44926
B8: Activo Corriente | F8: Pasivo Corriente
B9: Disponibilidades | D9: =SUM(D10:D12) -> 8515575412 | E9: =SUM(E10:E12) -> 3294094932 | F9: Documentos y Cuentas por Pagar | H9: =SUM(H10:H12) -> 7379928666 | I9: =SUM(I10:I12) -> 2321710666
B10: Caja | D10: 2500000 | E10: 2500000 | F10: Acreedores por Intermediación | G10: 5.K | H10: 7069991231 | I10: 2015441617
B11: Bancos Cuenta Propia | C11: 5.D | D11: 2198815011 | E11: 650916635 | F11: Acreedores Varios | G11: 5.J | H11: 206487187 | I11: 199550078
B12: Bancos Cuenta Compensadora | C12: 5.D | D12: 6314260401 | E12: 2640678297 | F12: Cuenta a Pagar a Personas y Empresas Relacionadas | G12: ANEXO A | H12: 103450248 | I12: 106718971
B13: Inversiones Temporarias | C13: ANEXO I | D13: =SUM(D14:D17) -> 133467921138 | E13: =SUM(E14:E17) -> 189184135427 | F13: Préstamos Financieros | H13: =SUM(H14:H16) -> 119155092780 | I13: =SUM(I14:I16) -> 177178032536
B14: Títulos de Renta Fija | D14: 11491820459 | E14: 95356616876 | F14: Préstamos en Bancos | G14: 5.H | H14: 11066926264 | I14: 86904901655
B15: Títulos de Renta Fija en Reporto | D15: 107031946492 | E15: 87330525099 | F15: Sobregiro en Cuenta Corriente | G15: 5.H | H15: 0 | I15: 2569893405
B16: Títulos de Renta Fija en Garantía | D16: 10895321610 | E16: 0 | F16: Operaciones en Reporto | G16: 5.I | H16: 108088166516 | I16: 87703237476
B17: Terrenos e Inmuebles | D17: 4048832577 | E17: 6496993452 | F17: Provisiones | H17: =SUM(H18:H21) -> 633862855 | I17: =SUM(I18:I21) -> 557529992
B18: Créditos | D18: =SUM(D19:D22) -> 3863243833 | E18: =SUM(E19:E22) -> 5785370785 | F18: Impuesto a la Renta a Pagar | I18: 0
B19: Deudores por Intermediación | C19: 5.E | D19: 2539743757 | E19: 180086490 | F19: IVA a Pagar | H19: 3866032 | I19: 430889880
B20: Documentos y Cuentas por Cobrar | C20: 5.E | D20: 0 | E20: 0 | F20: Retenciones de Impuestos | H20: 510466059 | I20: 721655
B21: Deudores Varios | C21: 5.E | D21: 5813766 | E21: 19423977 | F21: Aporte y Retenciones a Pagar | H21: 119530764 | I21: 125918457
B22: Cuentas por Cobrar a Personas y Empresas Relacionadas | C22: ANEXO A | D22: 1317686310 | E22: 5585860318 | F22: Otros Pasivos | H22: =SUM(H23:H24) -> 443029512 | I22: =SUM(I23:I24) -> 700294983
B23: Otros Activos | D23: =SUM(D24) -> 1199666746 | E23: =SUM(E24) -> 827551505 | F23: Dividendos a Pagar en Efectivo | I23: 0
B24: Otros Activos Corrientes | C24: 5.G | D24: 1199666746 | E24: 827551505 | F24: Otros Pasivos Corrientes | G24: 5.M | H24: 443029512 | I24: 700294983
B25: TOTAL ACTIVO CORRIENTE | D25: =+D9+D13+D18+D23 -> 147046407129 | E25: =+E9+E13+E18+E23 -> 199091152649
F26: TOTAL PASIVO CORRIENTE | H26: =+H9+H13+H17+H22 -> 127611913813 | I26: =+I9+I13+I17+I22 -> 180757568177
B27: ACTIVO NO CORRIENTE
F28: TOTAL PASIVO | H28: =+H26 -> 127611913813 | I28: =+I26 -> 180757568177
B29: Inversiones Permanentes | C29: ANEXO I | D29: =SUM(D30:D31) -> 29957328739 | E29: =SUM(E30:E31) -> 27408316538
B30: Títulos Renta Variable | D30: 28954328739 | E30: 26406316538 | F30: PATRIMONIO NETO
B31: Acción de la Bolsa de Valores | D31: 1003000000 | E31: 1002000000 | F31: Capital | G31: VPN | H31: 37443000000 | I31: 35629000000
B32: Bienes de Uso | C32: ANEXO II | D32: =SUM(D33:D34) -> 1356452002 | E32: =SUM(E33:E34) -> 1540790116 | F32: Valuación Acción BVA | G32: VPN | H32: 988500000 | I32: 987500000
B33: Bienes de Uso - Costo Revaluado | D33: 3659097838 | E33: 3520460982 | F33: Reserva Legal | G33: VPN | H33: 2614568486 | I33: 2188225071
B34: (Depreciación Acumulada) | D34: -2302645836 | E34: -1979670866 | F34: Reserva de Revalúo | G34: VPN | H34: 227468427 | I34: 227468427
B35: Activos Intangibles y Cargos Diferidos | C35: ANEXO III | D35: =SUM(D36:D37) -> 166222598 | E35: =SUM(E36:E37) -> 161728201 | F35: Resultado del Ejercicio | G35: VPN | H35: 10712430777 | I35: 8526868302
B36: Licencia | D36: 325962558 | E36: 283752644
B37: (Amortización Acumulada) | D37: -159739960 | E37: -122024443
B38: Otros Activos No Corrientes | C38: 5.G | D38: =SUM(D39) -> 1071471035 | E38: =SUM(E39) -> 114642473
B39: Gastos no Devengados | D39: 1071471035 | E39: 114642473
F40: Total Patrimonio Neto | H40: =SUM(H31:H39) -> 51985967690 | I40: =SUM(I31:I39) -> 47559061800
B41: TOTAL ACTIVO NO CORRIENTE | D41: =+D29+D32+D35+D38 -> 32551474374 | E41: =+E29+E32+E35+E38 -> 29225477328
B43: TOTAL ACTIVO | D43: =+D41+D25 -> 179597881503 | E43: =+E41+E25 -> 228316629977 | F43: TOTAL PASIVO Y PATRIMONIO NETO | H43: =+H28+H40 -> 179597881503 | I43: =+I28+I40 -> 228316629977
B46: CUENTA DE ORDEN | C46: Nota | D46: =+D7 -> 45291 | E46: =+E7 -> 44926 | F46: Cuenta de Orden | G46: Nota | H46: =+D46 -> 45291 | I46: =+E46 -> 44926
B47: Deudores Crédito Gs. | C47: 12 | D47: 461434973832 | E47: 513957103830 | F47: Acreedor Gs. | G47: 12 | H47: =+D47 -> 461434973832 | I47: =+E47 -> 513957103830
B48: Deudores Crédito USD | D48: 30015944 | E48: 33718191 | F48: Acreedor USD | H48: =+D48 -> 30015944 | I48: =+E48 -> 33718191
B49: Contratos Forward - Valor USD | D49: 0 | E49: 2000000 | F49: Acreedor USD | H49: =+D49 -> 0 | I49: =+E49 -> 2000000
B53: Las 12 notas - Anexo I - Anexo II - Anexo III - Anexo de Capital que acompañan forman parte integral de los estados financieros.

Sheet 03
A1: Índice
B2: CADIEM CASA DE BOLSA S.A.
B3: ESTADO DE RESULTADO
B4: Correspondiente al 31/12/2023, presentado en forma comparativa con el ejercicio cerrado al 31/12/2022
B5: EN GUARANIES
B7: CONCEPTO | C7: Nota | D7: 45291 | E7: 44926
B9: INGRESOS OPERATIVOS
B10: Comisiones por Operación en Rueda | D10: =SUM(D11:D12) -> 6199493759 | E10: =SUM(E11:E12) -> 4032802649
B11: Por Intermediación Acción en Rueda | D11: 184791879 | E11: 48108644
B12: Por Intermediación Renta Fija en Rueda | D12: 6014701880 | E12: 3984694005
B13: Comisión por Operaciones Fuera de Rueda | E13: 0
B14: Por Intermediación Acción Fuera de Rueda | D14: 0 | E14: 0
B15: Por Intermediación Renta Fija Fuera de Rueda | D15: 0 | E15: 0
B16: Comisión por Contratos de Colocación Primaria | D16: =SUM(D17:D19) -> 0 | E16: =SUM(E17:E19) -> 0
B17: Comisiones por Contratos de Colocación Primaria de Acciones | D17: 0 | E17: 0
B18: Comisiones por Contratos de Colocación Primaria en Renta Fija | D18: 0 | E18: 0
B20: Ingresos por Administración de Cartera | D20: 0 | E20: 0
B21: Ingresos por Custodia de Valores | D21: 0 | E21: 0
B22: Ingresos por Asesoría Financiera | D22: 2467555816 | E22: 1565359291
B23: Ingresos por Intereses y Dividendos de Cartera Propia | D23: 10719246787 | E23: 6034596120
B24: Ingresos por Venta de Cartera Propia | D24: 3706574938 | E24: 2340075178
B25: Egresos por Venta de Cartera Propia (*) | D25: -2475957168 | E25: -9729196557
B26: Ingresos por Venta de Cartera Propia a Personas y Empresas Relacionadas | D26: 0 | E26: 0
B27: Ingresos por Operaciones y Servicios a Personas Relacionadas | C27: ANEXO A | D27: 20054778441 | E27: 26570351529
B28: Ingresos por Operaciones y Servicios Extrabursátiles | D28: 0 | E28: 0
B29: Otros Ingresos Operativos | C29: 5.P | D29: 978441917 | E29: 1015038140
B31: GASTOS OPERATIVOS | D31: =SUM(D32:D34) -> 11993717384 | E31: =SUM(E32:E34) -> 8995657242
B32: Gastos por Comisiones y Servicios | D32: 3849791247 | E32: 4311046934
B33: Aranceles por Negociación Bolsa de Valores | D33: 1314433788 | E33: 1173073318
B34: Otros Gastos Operativos | C34: 5.Q | D34: 6829492349 | E34: 3511536990
B36: RESULTADO OPERATIVO BRUTO | D36: =+D10+D16+SUM(D20:D29)-D31 -> 29656417106 | E36: =+E10+E16+SUM(E20:E29)-E31 -> 22833369108
B38: GASTOS DE COMERCIALIZACIÓN | D38: =SUM(D39:D40) -> 1488859533 | E38: =SUM(E39:E40) -> 1314110543
B39: Publicidad | D39: 91500155 | E39: 59866600
B40: Otros Gastos de Comercialización | C40: 5.Q | D40: 1397359378 | E40: 1254243943
B41: GASTOS DE ADMINISTRACIÓN | D41: =SUM(D42:D50) -> 13339610279 | E41: =SUM(E42:E50) -> 9772039823
B42: Servicios Personales | D42: 7520021448 | E42: 5957976030
B43: Previsión, Amortización y Depreciaciones | D43: 360690487 | E43: 418350792
B44: Mantenimiento | D44: 48998540 | E44: 69262310
B45: Alquileres | D45: 1041284681 | E45: 877971744
B46: Gastos Generales | D46: 482094428 | E46: 343907972
B47: Seguros | D47: 11550186 | E47: 14936740
B48: Multas | D48: 20085053 | E48: 1132887
B49: Impuestos, Tasas y Contribuciones | D49: 58550798 | E49: 71912148
B50: Otros Gastos de Administración | C50: 5.Q | D50: 3796334658 | E50: 2016589200
B52: RESULTADO OPERATIVO NETO | D52: =+D36-D38-D41 -> 14827947294 | E52: =+E36-E38-E41 -> 11747218742
B54: OTROS INGRESOS Y EGRESOS | C54: 5.R | D54: =SUM(D55) -> 45258021 | E54: =SUM(E55) -> 103004731
B55: Otros Ingresos | D55: 45258021 | E55: 103004731
B56: Otros Egresos | D56: 0 | E56: 0
B58: RESULTADOS FINANCIEROS | D58: =+D59-D62 -> -3701909384 | E58: =+E59-E62 -> -3323355171
B59: Generados por Activos | D59: =SUM(D60:D61) -> 6971803594 | E59: =SUM(E60:E61) -> 5123360337
B60: Intereses Cobrados | D60: 0 | E60: 0
B61: Diferencia de Cambio | D61: 6971803594 | E61: 5123360337
B62: Generados por Pasivos | D62: =SUM(D63:D64) -> 10673712978 | E62: =SUM(E63:E64) -> 8446715508
B63: Intereses Pagados | D63: 4463126015 | E63: 3363550375
B64: Diferencia de Cambio | D64: 6210586963 | E64: 5083165133
B66: RESULTADO EXTRAORDINARIO | D66: =SUM(D67:D68) -> -205375852 | E66: =SUM(E67:E68) -> 0
B67: Ingresos Extraordinarios | D67: 0 | E67: 0
B68: Egresos Extraordinarios | D68: -205375852 | E68: 0
B70: AJUSTE DE RESULTADO DE EJERCICIOS ANTERIORES | D70: =SUM(D71:D72) -> -20316412 | E70: =SUM(E71:E72) -> 0
B71: Ingresos | D71: 0 | E71: 0
B72: Egresos | D72: -20316412 | E72: 0
B74: UTILIDAD O (PERDIDA) | D74: =+D52+D54+D58+D66+D70 -> 10945603667 | E74: =+E52+E54+E58+E66+E70 -> 8526868302
B75: IMPUESTO A LA RENTA | D75: 233172890 | E75: 0
B76: RESULTADO DEL EJERCICIO | D76: =+D74-D75 -> 10712430777 | E76: =+E74-E75 -> 8526868302
B79: Las 12 notas - Anexo I - Anexo II - Anexo III - Anexo de Capital que acompañan forman parte integral de los estados financieros.

Sheet 04
A1: Índice
B2: CADIEM CASA DE BOLSA S.A.
B3: ESTADO DE FLUJO DE EFECTIVO
B4: =+'03'!B4 -> Correspondiente al 31/12/2023, presentado en forma comparativa con el ejercicio cerrado al 31/12/2022
E6: =+'03'!D7 -> 45291 | F6: =+'03'!E7 -> 44926
B7: 1. | C7: FLUJO DE EFECTIVO POR LAS ACTIVIDADES OPERATIVAS
C8: Ingresos en Efectivo por comisiones y otros | E8: 38464368680 | F8: 22209936058
C9: Efectivo pagado a empleados | E9: -8376749191 | F9: -9312157478
C10: Efectivo Generado (usado) por otras actividades | E10: 332151713 | F10: 33490759
C11: Total de Efectivo de las Actividades operativas antes de cambios en los activos de operación | E11: =SUM(E8:E10) -> 30419771202 | F11: =SUM(F8:F10) -> 12931269339
C12: (Aumento) Disminución en los activos de operación | E12: 0 | F12: 0
C13: Fondos Colocados a corto plazo | E13: 0 | F13: 0
C14: Aumento (Disminución) en pasivos operativos | E14: =SUM(E15) -> -13724322732 | F14: =SUM(F15) -> -7215571697
C15: Pagos a Proveedores | E15: -13724322732 | F15: -7215571697
C16: Efectivo neto de Actividades de Operación antes de impuestos | E16: =+E11+E14 -> 16695448470 | F16: =+F11+F14 -> 5715697642
C17: Impuesto a la renta | E17: -4763485 | F17: -420427838
C18: Efectivo Neto provisto de Actividades de Operación | E18: =+E16+E17 -> 16690684985 | F18: =+F16+F17 -> 5295269804
B20: 2. | C20: FLUJO DE EFECTIVO EN ACTIVIDADES DE INVERSIÓN
C21: Inversiones en Otras Empresas | E21: -1602952997 | F21: 0
C22: Inversiones Temporarias | E22: 55941236073 | F22: -140055205444
C23: Fondo con destino especial | E23: -726359000 | F23: 0
C24: Compra de Propiedad, planta y equipo | E24: -180846770 | F24: -231137893
C25: Adquisición de Acciones y Títulos de Deuda (Cartera Propia) | E25: 0 | F25: 0
C26: Intereses percibidos | E26: 0 | F26: 0
C27: Dividendos percibidos | E27: 4116761286 | F27: 0
C28: Efectivo Neto en Actividades de Inversión | E28: =SUM(E21:E27) -> 57547838592 | F28: =SUM(F21:F27) -> -140286343337
B30: 3. | C30: FLUJO DE EFECTIVO POR ACTIVIDADES DE FINANCIACIAMIENTO
C31: Aportes de Capital | E31: 0 | F31: 0
C32: Proveniente de préstamos y otras deudas | E32: -53088681464 | F32: 142129030955
C33: Dividendos Pagados | E33: -5783602895 | F33: -895992851
C34: Intereses Pagados | E34: -10905975369 | F34: -6510674137
C35: Efecto de las variaciones en tipo de cambio | E35: 761216631 | F35: 16663377
C36: Efectivo Neto en Actividades de Financiamiento | E36: =SUM(E32:E35) -> -69017043097 | F36: =SUM(F32:F35) -> 134739027344
C38: Aumento (o disminución) neto de efectivo y sus equivalentes | E38: =+E28+E36+E18 -> 5221480480 | F38: =+F28+F36+F18 -> -252046189
C39: Efectivo y equivalentes al efectivo al comienzo del período | E39: 3294094932 | F39: 3546141121
C40: Efectivo y equivalentes al efectivo al cierre del período | E40: =+E38+E39 -> 8515575412 | F40: =+F38+F39 -> 3294094932
C42: Las 12 notas - Anexo I - Anexo II - Anexo III - Anexo de Capital que acompañan forman parte integral de los estados financieros.

Sheet 05
A1: Índice
B2: CADIEM CASA DE BOLSA S.A.
B3: ESTADO DE VARIACIÓN DEL PATRIMONIO NETO
B4: =+'04'!B4 -> Correspondiente al 31/12/2023, presentado en forma comparativa con el ejercicio cerrado al 31/12/2022
B5: EN GUARANIES
B7: Movimientos | C7: CAPITAL | G7: RESERVAS | J7: RESULTADOS | L7: PATRIMONIO NETO
C8: Suscripto | D8: A Integrar | E8: Integrado | F8: Valuación Acción BVA | G8: Legal | H8: Facultativa | I8: Revalúo | J8: Acumulados | K8: Del Ejercicio | L8: =+'04'!E6 -> 45291 | M8: =+'04'!F6 -> 44926
B9: Saldo al Inicio | C9: 35629000000 | D9: 0 | E9: 35629000000 | F9: 987500000 | G9: 2188225071 | H9: 0 | I9: 227468427 | J9: 0 | K9: 8526868302 | L9: 47559061800 | M9: 39826186349
B10: Movimientos Subsecuentes | C10: 0 | D10: 0 | E10: 0 | F10: 0 | G10: 0 | H10: 0 | I10: 0 | J10: 8526868302 | K10: -8526868302 | L10: 0 | M10: 0
B11: Capitalización de Utilidades | C11: 1814000000 | D11: 0 | E11: 1814000000 | F11: 0 | G11: 0 | H11: 0 | I11: 0 | J11: -1814000000 | K11: 0 | L11: 0 | M11: 0
B12: Integración de Acciones | C12: 0 | D12: 0 | E12: 0 | F12: 0 | G12: 0 | H12: 0 | I12: 0 | J12: 0 | K12: 0 | L12: 0 | M12: 0
B13: Dividendos a Pagar | C13: 0 | D13: 0 | E13: 0 | F13: 0 | G13: 0 | H13: 0 | I13: 0 | J13: -6286524887 | K13: 0 | L13: -6286524887 | M13: -895992851
B14: Reserva Legal | C14: 0 | D14: 0 | E14: 0 | F14: 0 | G14: 426343415 | H14: 0 | I14: 0 | J14: -426343415 | K14: 0 | L14: 0 | M14: 0
B15: Valuación Acc BVA | C15: 0 | D15: 0 | E15: 0 | F15: 1000000 | G15: 0 | H15: 0 | I15: 0 | J15: 0 | K15: 0 | L15: 1000000 | M15: 102000000
B16: Revaluó | C16: 0 | D16: 0 | E16: 0 | F16: 0 | G16: 0 | H16: 0 | I16: 0 | J16: 0 | K16: 0 | L16: 0 | M16: 0
B17: Resultado del Ejercicio | C17: 0 | D17: 0 | E17: 0 | F17: 0 | G17: 0 | H17: 0 | I17: 0 | J17: 0 | K17: 10712430777 | L17: 10712430777 | M17: 8526868302
B18: =+L8 -> 45291 | C18: =SUM(C9:C17) -> 37443000000 | D18: =SUM(D9:D17) -> 0 | E18: =SUM(E9:E17) -> 37443000000 | F18: =SUM(F9:F17) -> 988500000 | G18: =SUM(G9:G17) -> 2614568486 | H18: =SUM(H9:H17) -> 0 | I18: =SUM(I9:I17) -> 227468427 | J18: =SUM(J9:J17) -> 0 | ... L18: =SUM(L9:L17) -> 51985967690
B19: =+M8 -> 44926 | C19: 35629000000 | D19: 0 | E19: 35629000000 | F19: 987500000 | G19: 2188225071 | H19: 0 | I19: 227468427 | J19: 0 | K19: 8526868302 | M19: =SUM(M9:M18) -> 47559061800
B21: Las 12 notas - Anexo I - Anexo II - Anexo III - Anexo de Capital que acompañan forman parte integral de los estados financieros.

Sheet 06
A1: Índice
B2: CADIEM CASA DE BOLSA S.A.
B3: Notas a los Estados Contables al 31 de diciembre de 2023
B5: Nota 1 – Consideración de los Estados Contables.
B7: Los estados contables fueron aprobados por Acta de Directorio N° 224 de fecha 21/02/2024 sin ninguna observación que mencionar.
B9: Nota 2 - Información básica de la empresa
B11: 2.1 Naturaleza Jurídica de las actividades de la sociedad
B12: CADIEM Casa de Bolsa S.A. tiene por objeto efectuar todas las actividades, operaciones y servicios que sean compatibles con la actividad de intermediación en el mercado de valores y cualquier otra actividad permitida que previamente, de manera general, lo autorice la Super Intendencia de Valores. Fue constituida por Escritura Pública Nro. 334, de fecha 12.11.2003, pasada ante la Escribana Pública Katia Ayala Ratti, e inscripta en los Registros Públicos de Personas Jurídicas y Asociaciones, en fecha 23.12.2003. Modificación de Estatutos: Primera modificación: En el Registro Público de Comercio No.291, Serie E, Folio 2581 y sgtes, por Escritura Pública No. 1 del 02.01.2007, Folio 2 y sgtes, pasada por el Escribano Luis Enrique Peroni. Segunda modificación: En el Registro Público de Comercio Número 688, Serie G, folio 5942 del 23/12/2011. Tercera modificación: En el Registro Público de Comercio Número 147, Serie E, folio 1652 y sgtes de fecha 16/02/2015. Cuarta modificación: En el Registro Público de Comercio Número 1, Serie Comercial, folio 1/15 de fecha 17/08/2017, reingreso 19/09/2017. Habilitada por la Comisión Nacional de Valores, ahora Super Intedencia de Valores, para operar como Intermediaria en el Mercado de Valores, llevando la Nomenclatura CB (Casa de Bolsa) seguido de la numeración 017, por Resolución No. 754/04 Acta No. 04/04 de fecha 19.01.2004, e igualmente inscripta en la Bolsa de Valores y Productos de Asunción S.A. por Resolución No. 524/04 de fecha 26.01.2004.
B29: 2.2. Participación en otras empresas
B31: Nombre | E31: Monto de Participación | F31: % Participación en Capital de la Otra Empresa | G31: % Participación en el Capital Propio | H31: Factor de Vinculación
B32: Cadiem Administradora de Fondos Patrimoniales de Inversión S.A. | E32: 17103400000 | F32: 0.84895986 | G32: 0.45678498 | H32: Controlante
B34: Nota 3 - Principales políticas y prácticas contables aplicadas
B36: 3.1 Base de Preparación de los Estados Contables
B38: Los estados financieros se han preparado de acuerdo con normas contables emitidos por el Consejo de Contadores Públicos del Paraguay y criterios de valuación dictados por la Super Intendecia de Valores. La moneda funcional y de presentación de los estados financieros de la entidad es el Guaraní, la moneda local de Paraguay. Dado que la inflación acumulada en los últimos tres años, calculada a base del Índice de Precios al Consumidor emitido por el Banco Central del Paraguay, ha sido inferior al 100%, los estados financieros se presentan en unidad de medida heterogénea. Consecuentemente los estados financieros no fueron expresados en moneda homogénea de poder adquisitivo constante.
B45: 3.2 Criterio de Valuación
B47: Los estados financieros fueron preparados utilizando como principal criterio de valuación el costo histórico, con las excepciones que se mencionan en los siguientes numerales de esta nota.
B50: 3.3 Política de Constitución de Previsiones
B52: Las previsiones para cuentas de dudoso cobro se determinan anualmente sobre la base del estudio de la cartera de clientes realizado con el objeto de determinar la porción no recuperable de las cuentas por cobrar.
B55: 3.4 Política de Bienes de Uso
B57: Al 31 de diciembre de 2019 los bienes de uso se exponen a su costo histórico revaluado a partir del año siguiente al de su incorporación, de acuerdo con lo establecido en el artículo 12 de la Ley N.º 125/91, menos la correspondiente depreciación acumulada. El incremento neto por revaluación se acredita a la cuenta Reserva de Revalúo del patrimonio neto. La depreciación de los bienes de uso es calculada por el método de línea recta a partir del año siguiente de su incorporación, aplicando las tasas anuales determinadas con base en la vida útil de los bienes. A partir del ejercicio 2020, los bienes de uso se exponen a su costo histórico, revaluado hasta el 31 de diciembre de 2019, menos la correspondiente depreciación acumulada de acuerdo con lo establecido en la Ley 6.380/19. La cuota de depreciación es calculada por el método de línea recta sobre el valor neto contable menos el valor residual de los bienes al 31 de diciembre de 2019, lo que implica un cambio en la base de cálculo de la depreciación respecto al ejercicio anterior. El valor residual es calculado sobre el valor neto contable de los bienes al 31 de diciembre de 2019. De acuerdo con lo establecido por la Ley 6.380/19, el Poder Ejecutivo podrá establecer el revalúo obligatorio de los bienes del activo fijo, cuando la variación del Índice de Precios al Consumo determinado por el Banco Central del Paraguay alcance al menos el 20% acumulado a partir del ejercicio 2019. El reconocimiento del revalúo obligatorio formará parte de una reserva patrimonial cuyo único destino podrá ser la capitalización.
B74: 3.5 Política de Reconocimiento de Ingresos y Egresos
B76: La entidad aplica el principio de lo devengado para el reconocimiento de los ingresos y la imputación de costos y gastos. Los ingresos operativos representan el importe de los bienes y servicios suministrados a terceros y son reconocidos en el Estado de Resultados cuando los riesgos y beneficios significativos asociados a la propiedad de estos han sido transferidos al comprador. La amortización de los bienes de uso es calculada según los criterios indicados en la Nota 3.4
B80: 3.6 Definición de Fondos Adoptada para la Preparación del Estado de Flujo de Efectivo
... B91: Las Políticas y Procedimientos de Contabilidad con relación al año anterior no sufrieron cambios a la fecha de este informe.

Sheet 07
A1: Índice
B2: CADIEM CASA DE BOLSA S.A.
B3: =+'06'!B3 -> Notas a los Estados Contables al 31 de diciembre de 2023
B5: Nota 5 – Criterios específicos de valuación
B7: A) Valuación en Moneda Extranjera
B8: CONCEPTO | C8: 45291 | D8: 44834 | E8: 44926
B9: Tipo de cambio comprador | C9: 7263.59 | D9: 7078.87 | E9: 7322.9
B10: Tipo de cambio vendedor | C10: 7283.62 | D10: 7090.2 | E10: 7339.62
B12: B) Posición en Moneda Extranjera
B14: DETALLE | C14: Moneda Extranjera Clase | D14: Moneda Extranjera Monto | E14: TIPO DE CAMBIO | F14: SALDO AL | G14: Moneda Extranjera Monto | H14: TIPO DE CAMBIO | I14: SALDO AL
E15: =+C8 -> 45291 | F15: =+E15 -> 45291 | H15: =+E8 -> 44926 | I15: =+H15 -> 44926
B16: ACTIVO
B17: Activo Corriente
B18: Disponibilidades | C18: USD | D18: 589419.95 | E18: 7263.59 | F18: 4281304855 | G18: =+I18/H18 -> 220465.46 | H18: 7322.9 | I18: 1614446489
B19: Créditos | C19: USD | D19: 107564.27 | E19: 7263.59 | F19: 781302756 | G19: =+I19/H19 -> 186820.24 | H19: 7322.9 | I19: 1368065935
B20: Inversiones | C20: USD | D20: 6960772.1 | E20: 7263.59 | F20: 50560194701 | G20: =+I20/H20 -> 8235306.9 | H20: 7322.9 | I20: 60306328825
B21: Otros Activos | C21: USD | D21: 26852.92 | E21: 7263.59 | F21: 269158272 | G21: =+I21/H21 -> 14551.2 | H21: 7322.9 | I21: 106556982
B22: Total Activo | D22: =SUM(D18:D21) -> 7684609.3 | G22: =SUM(G18:G21) -> 8657143.8
B23: PASIVO
B24: Pasivo Corriente
B25: Deudas Diversas | C25: USD | D25: 7273.5301 | E25: 7283.62 | F25: 52977629 | G25: =+I25/H25 -> 32264.09 | H25: 7339.62 | I25: 236806160
B26: Acreedores por Intermediación | C26: USD | D26: 516304.8 | E26: 7283.62 | F26: 3760567996 | G26: =+I26/H26 -> 137361.59 | H26: 7339.62 | I26: 1008181903
B27: Deudas Financieras | C27: USD | D27: 6546164.4 | E27: 7283.62 | F27: 47679774021 | G27: =+I27/H27 -> 7373534.8 | H27: 7339.62 | I27: 54118943635
B28: Total Pasivo | D28: =SUM(D25:D27) -> 7069742.7 | G28: =SUM(G25:G27) -> 7543160.5
B30: POSICIÓN NETA | D30: =+D22-D28 -> 614866.51 | G30: =+G22-G28 -> 1113983.3
B32: C) Diferencia de Cambio en Moneda Extranjera
B34: Concepto | C34: Tipo de Cambio | D34: Monto Ajustado | E34: Tipo de Cambio | F34: Monto Ajustado
C35: =+'04'!E6 -> 45291 | D35: =+C35 -> 45291 | E35: =+'04'!F6 -> 44926 | F35: =+E35 -> 44926
B36: Ganancia por Valuación de Activos Monetarios en Moneda Extranjera | C36: 7263.59 | D36: 4150926777 | E36: 7322.9 | F36: 4859903670
B37: Ganancia por Valuación de Pasivos Monetarios en Moneda Extranjera | C37: 7283.62 | D37: 2820876817 | E37: 7339.62 | F37: 263456667
B38: Pérdida por Valuación de Activos Monetarios en Moneda Extranjera | C38: 7263.59 | D38: -4085968583 | E38: 7322.9 | F38: -2808456366
B39: Pérdida por Valuación de Pasivos Monetarios en Moneda Extranjera | C39: 7283.62 | D39: -2124618380 | E39: 7339.62 | F39: -2274708767
B41: TOTAL | D41: =SUM(D36:D40) -> 761216631 | F41: =SUM(F36:F40) -> 40195204
B43: D) Disponibilidades: La cuenta disponibilidades está compuesta por valores de Cuenta Propia y valores de Cuentas Compensadoras, que se detallan a continuación.
B46: Bancos Cuenta Propia Gs. | C46: =+'02'!D7 -> 45291 | D46: =+'02'!E7 -> 44926
B47: Banco Itaú Paraguay S.A. | C47: 1324744086 | D47: 113035787
B48: Banco GNB Paraguay S.A. | C48: 91543672 | D48: 88588999
B49: Interfisa Banco S.A.E.C.A. | C49: 19947459 | D49: 15023038
B50: Banco Continental S.A.E.C.A. | C50: 10000000 | D50: 10394459
B51: Solar Ahorro y Finanzas S.A.E.C.A. | C51: 47127391 | D51: 10103359
B52: Bancop S.A. | C52: 10000000 | D52: 10000000
B53: Banco Familiar S.A.E.C.A. | C53: 8736643 | D53: 0
B54: Banco Atlas S.A. | C54: 10000000 | D54: 10000000
B55: Banco Nacional de Fomento | C55: 12276934 | D55: 8857700
B56: Banco BASA S.A. | C56: 5000000 | D56: 5000000
B57: Bancos Varios Gs. | C57: 150138847 | D57: =29633358+686 -> 29634044
B58: Sub-Total | C58: =SUM(C47:C57) -> 1689515032 | D58: =SUM(D47:D57) -> 300637386
B60: Bancos Cuenta Propia USD | C60: =+C46 -> 45291 | D60: =+D46 -> 44926
B61: Banco Continental S.A.E.C.A.. | C61: 14527035 | D61: 73912519
B62: Banco Familiar S.A.E.C.A. | C62: 36319403 | D62: 36615965
B63: Sudameris Bank S.A.E.C.A.. | C63: 36317950 | D63: 36614500
B64: Visión Banco S.A.E.C.A.. | C64: 36317950 | D64: 36614500
B65: Banco Atlas S.A.. | C65: 36317950 | D65: 36614500
B66: Banco Morgan Stanley | C66: 30463424 | D66: 30712169
B67: Interfisa Banco S.A.E.C.A. | C67: 21790770 | D67: 21968700
B68: Banco Nacional de Fomento | C68: 25858090 | D68: 21968700
B69: Banco GNB Paraguay S.A.. | C69: 29070558 | D69: 10680202
B70: Banco BASA S.A.. | C70: 7263663 | D70: 7322973
B71: Solar Ahorro y Finanzas S.A.E.C.A.. | C71: 14190004 | D71: 2339813
B72: Banco Itaú Paraguay S.A.. | C72: 187960935 | D72: 0
B73: Bancos Varios USD | C73: 32902247 | D73: 34914708
B74: Sub-Total | C74: =SUM(C61:C73) -> 509299979 | D74: =SUM(D61:D73) -> 350279249
B76: Bancos Cuenta Compensadora | C76: =+C60 -> 45291 | D76: =+D60 -> 44926
B77: Banco Itaú Paraguay S.A. Gs. | C77: 2542255525 | D77: 1376511057
B78: Banco Itaú Paraguay S.A. USD | C78: 3772004876 | D78: 1264167240
B79: Sub-Total | C79: =SUM(C77:C78) -> 6314260401 | D79: =SUM(D77:D78) -> 2640678297
B81: TOTAL DISPONIBILIDADES | C81: =+C58+C74+C79 -> 8513075412 | D81: =+D58+D74+D79 -> 3291594932
B84: E) Créditos
B86: Deudores por Intermediación: La composición es la siguiente
B88: CONCEPTO | C88: =+C46 -> 45291 | D88: =+D46 -> 44926
B89: Intermediación Negociación de Títulos | C89: 1882821224 | D89: 94719840
B90: Comisión Colocación de Títulos | C90: 605370033 | D90: 42501650
B91: Servicios Financieros | C91: 42421500 | D91: 37750000
B92: Representación Obligacionista | C92: 8031000 | D92: 4015000
B93: Mantenimiento Bursátil | C93: 1100000 | D93: 1100000
B94: TOTAL | C94: =SUM(C89:C93) -> 2539743757 | D94: =SUM(D89:D93) -> 1.8008649e+08
B96: Deudores Varios: La composición es la siguiente
B98: CONCEPTO | C98: =+C88 -> 45291 | D98: =+D88 -> 44926
B99: Adelanto de Vto. | C99: 5813766 | D99: 10779980
B100: Otras Deudas | C100: 0 | D100: 8643997
B101: TOTAL | C101: =SUM(C99:C100) -> 5813766 | D101: =SUM(D99:D100) -> 19423977
B103: Derechos Sobre Títulos por Contrato de Underwriting: A la fecha del presente informe la empresa no cuenta con contratos por dicho concepto.
B106: F) Cargos Diferidos: A la fecha del presente informe la entidad no tiene datos que informar en esta nota
B109: G) Otros Activos Corrientes y No Corrientes: La composición es la siguiente
B111: OTROS ACTIVOS CORRIENTES
B112: CONCEPTO | C112: =+C98 -> 45291 | D112: =+D98 -> 44926
B113: Crédito Fiscal | C113: 772453164 | D113: 641902866
B114: Créditos al Personal | C114: 138223862 | D114: 124265001
B115: Gastos a Devengar | C115: 67601719 | D115: 58773550
B116: Anticipo Proveedores | C116: 220301441 | D116: 2600088
B117: Intereses a Cobrar | C117: 1086560 | D117: 0
B118: Gastos a Rendir | C118: 0 | D118: 10000
B119: TOTAL | C119: =SUM(C113:C118) -> 1199666746 | D119: =SUM(D113:D118) -> 827551505
B121: OTROS ACTIVOS NO CORRIENTES
B122: CONCEPTO | C122: =+C112 -> 45291 | D122: =+D112 -> 44926
B123: Garantía de Alquiler | C123: 109443951 | D123: 110306982
B124: Fideicomiso Garantía | C124: 784467720 | D124: 0
B125: Gastos a Devengar | C125: 177559364 | D125: 4335491
B126: TOTAL | C126: =SUM(C123:C125) -> 1071471035 | D126: =SUM(D123:D125) -> 114642473
B128: H) Préstamos Financieros (corto y largo plazo)
...

Sheet 08
A1: Índice
B2: CADIEM CASA DE BOLSA S.A.
B3: =+'07'!B3 -> Notas a los Estados Contables al 31 de diciembre de 2023
B5: Nota 5 – Criterios específicos de valuación
B7: I) Operación en Reporto: Las operaciones Reportadas activas a la fecha son las siguientes
B9: =+'07'!C46 -> 45291
B10: Fecha Op. | C10: Cod. Negociación | D10: Moneda | E10: Monto Contable | F10: Plazo | G10: Fecha de Vencimiento
B11: 45278 | C11: PYTNA01F0902 | D11: Guaraní | E11: 10294232221 | F11: 21 | G11: 45299
B12: 45282 | C12: PYTNA01F0902 | D12: Guaraní | E12: 10291376331 | F12: 14 | G12: 45296
B13: 45286 | C13: PYTNA02F1255 | D13: Guaraní | E13: 10278071474 | F13: 14 | G13: 45300
B14: 45281 | C14: PYTNA02F1255 | D14: Guaraní | E14: 10267052958 | F14: 14 | G14: 45295
B15: 45287 | C15: PYTNA02F1255 | D15: Guaraní | E15: 10266511215 | F15: 7 | G15: 45294
B16: 45286 | C16: PYCAT04F3062 | D16: Guaraní | E16: 10043554012 | F16: 14 | G16: 45300
B17: 45278 | C17: PYCAT04F3062 | D17: Guaraní | E17: 10034520548 | F17: 21 | G17: 45299
B18: SUB-TOTAL OPERACIÓN EN REPORTO Gs | E18: =SUM(E11:E17) -> 71475318759
B20: 45278 | C20: PYBAM01F2487 | D20: USD | E20: 1008414.7 | F20: 14 | G20: 45299
B21: 45286 | C21: PYBAM01F2487 | D21: USD | E21: 1008260.9 | F21: 7 | G21: 45300
B22: 45282 | C22: PYSUD01F2204 | D22: USD | E22: 1003605.5 | F22: 7 | G22: 45296
B23: 45281 | C23: PYSUD01F2204 | D23: USD | E23: 1003481.9 | F23: 17 | G23: 45295
B24: 45287 | C24: PYSUD01F2204 | D24: USD | E24: 1002974.8 | F24: 7 | G24: 45294
B25: SUB-TOTAL OPERACIÓN EN REPORTO USD | E25: =SUM(E20:E24) -> 5026737.8
B26: T.C. SET | E26: 7283.62
B28: SUB-TOTAL OPERACIÓN EN REPORTO USD | E28: =+E25*E26+1 -> 3.6612848e+10
B29: TOTAL OPERACIÓN EN REPORTO | D29: =+B9 -> 45291 | E29: =+E18+E28 -> 1.0808817e+11
B31: =+'07'!D46 -> 44926
B32: Fecha Op. | C32: Cod. Negociación | D32: Moneda | E32: Monto Inicial | F32: Plazo | G32: Fecha de Vencimiento
B33: 44924 | C33: PYTNA02F1255 | D33: Guaraní | E33: 10265055942 | F33: 7 | G33: 44931
B34: 44923 | C34: PYTNA02F1255 | D34: Guaraní | E34: 10265008268 | F34: 7 | G34: 44930
B35: 44922 | C35: PYTNA02F1255 | D35: Guaraní | E35: 10264959661 | F35: 7 | G35: 44929
B36: 44921 | C36: PYCAT04F3062 | D36: Guaraní | E36: 10033328932 | F36: 7 | G36: 44928
B37: 44922 | C37: PYCAT04F3062 | D37: Guaraní | E37: 10033327618 | F37: 7 | G37: 44929
B38: SUB-TOTAL OPERACIÓN EN REPORTO Gs | E38: =SUM(E33:E37) -> 50861680421
B40: 44921 | C40: PYBAM01F2487 | D40: USD | E40: 1006443 | F40: 7 | G40: 44928
B41: 44922 | C41: PYBAM01F2487 | D41: USD | E41: 1006442.3 | F41: 7 | G41: 44929
B42: 44918 | C42: PYSUD01F2204 | D42: USD | E42: 1002220.4 | F42: 14 | G42: 44932
B43: 44923 | C43: PYSUD01F2204 | D43: USD | E43: 1002220 | F43: 7 | G43: 44930
B44: 44924 | C44: PYSUD01F2204 | D44: USD | E44: 1002219.8 | F44: 7 | G44: 44931
B45: SUB-TOTAL OPERACIÓN EN REPORTO USD | E45: =SUM(E40:E44) -> 5019545.6
B46: T.C. SET | E46: 7339.62
B48: SUB-TOTAL OPERACIÓN EN REPORTO USD | E48: =+E45*E46-1 -> 3.6841557e+10
B49: TOTAL OPERACIÓN EN REPORTO | D49: =+B31 -> 44926 | E49: =+E38+E48 -> 8.7703237e+10

Sheet 09
A1: Índice
B2: CADIEM CASA DE BOLSA S.A.
B3: =+'08'!B3 -> Notas a los Estados Contables al 31 de diciembre de 2023
B5: Nota 5 – Criterios específicos de valuación
B7: J) Documentos y Cuentas por Pagar (corto y largo plazo)
B9: Acreedores Varios: La composición es la siguiente
B11: CONCEPTO | C11: =+'07'!C46 -> 45291 | D11: =+'07'!D46 -> 44926
B12: Servicios a Pagar Gs. | C12: 153509558 | D12: 171923088
B13: Servicios a Pagar USD | C13: 52977629 | D13: 27626990
B14: TOTAL | C14: =SUM(C12:C13) -> 206487187 | D14: =SUM(D12:D13) -> 199550078
B16: K) Acreedores por Intermediación (Corto y Largo Plazo): La composición es la siguiente
B18: CONCEPTO | C18: =+C11 -> 45291 | D18: =+D11 -> 44926
B19: Intermediación Negociación de Títulos | C19: 6400679820 | D19: 1628448912
B20: Acreedores por Vto. Título | C20: 669311411 | D20: 386992705
B21: TOTAL | C21: =SUM(C19:C20) -> 7069991231 | D21: =SUM(D19:D20) -> 2015441617
B23: L) Administración de Cartera: La entidad no cuenta con obligaciones a la fecha
B25: M) Otros Pasivos Corrientes y No Corrientes: La composición es la siguiente
B27: Pasivo Corriente
B28: CONCEPTO | C28: =+C18 -> 45291 | D28: =+D18 -> 44926
B29: Prov. p/ Pago de Gratificaciones | C29: 349076752 | D29: 2344562
B30: Anticipo de Cliente | C30: 68677047 | D30: 283726785
B31: Tarjeta de Crédito | C31: 25275713 | D31: 32363636
B32: Forward | C32: 0 | D32: 381860000
B33: TOTAL | C33: =SUM(C29:C32) -> 443029512 | D33: =SUM(D29:D32) -> 700294983
B35: N) Patrimonio
B37: CONCEPTO | C37: SALDO AL INICIO | D37: AUMENTOS | E37: DISMINUCIÓN | F37: SALDO AL CIERRE
B38: Capital Integrado | C38: 35629000000 | D38: 1814000000 | E38: 0 | F38: 37443000000
B39: Aporte no Capitalizado | C39: 0 | D39: 0 | E39: 0 | F39: 0
B40: Reservas | C40: 2415693498 | D40: 426343415 | E40: 0 | F40: 2842036913
B41: Valuación Acc BVA | C41: 987500000 | D41: 1000000 | E41: 0 | F41: 988500000
B42: Resultado Acumulado | C42: 0 | D42: 8526868302 | E42: -8526868302 | F42: 0
B43: Resultado del Ejercicio | C43: 8526868302 | D43: 10712430777 | E43: -8526868302 | F43: 10712430777
B44: TOTAL | C44: =SUM(C38:C43) -> 47559061800 | D44: =SUM(D38:D43) -> 21480642494 | E44: =SUM(E38:E43) -> -17053736604 | F44: =SUM(F38:F43) -> 51985967690
B46: O) Previsiones: La entidad no considera necesario realizar previsiones
B48: P) Otros Ingresos Operativos
B49: CONCEPTO | C49: =+'03'!D7 -> 45291 | D49: =+'03'!E7 -> 44926
B50: Aranceles y Fondo de Garantía | C50: 490802266 | D50: 439292701
B51: Servicios de Representación | C51: 343712101 | D51: 415128836
B52: Intereses Cobrados | C52: 97888765 | D52: 90291876
B53: Ingresos Varios por Asesoría | C53: 27038785 | D53: 47324727
B54: Ingresos Operativos Varios | C54: 19000000 | D54: 23000000
B55: TOTAL | C55: =SUM(C50:C54) -> 978441917 | D55: =SUM(D50:D54) -> 1015038140
B57: Q) Otros Gastos Operativos, de Comercialización y de Administración
B59: Otros Gastos Operativos
B60: CONCEPTO | C60: =+C49 -> 45291 | D60: =+D49 -> 44926
B61: Operación en Reporto | C61: 6476182307 | D61: 3187797908
B62: Otros Gastos Operativos | C62: 211356997 | D62: 212969314
B63: Manejo de Archivos | C63: 73856708 | D63: 61041030
B64: Gastos Bursátiles | C64: 50354832 | D64: 42917192
B65: Aranceles CNV-SEPRELAD | C65: 17741504 | D65: 6811546
B66: TOTAL | C66: =SUM(C61:C65) -> 6829492348 | D66: =SUM(D61:D65) -> 3511536990
B68: Otros Gastos de Comercialización
B69: CONCEPTO | C69: =+C60 -> 45291 | D69: =+D60 -> 44926
B70: Fidelización | C70: 1225171544 | D70: 1140609309
B71: Gastos de Viaje | C71: 116648603 | D71: 73902137
B72: Gastos Varios de Comercialización | C72: 28635929 | D72: 25880235
B73: Gastos de Consumición | C73: 26903302 | D73: 13852262
B74: TOTAL | C74: =SUM(C70:C73) -> 1397359378 | D74: =SUM(D70:D73) -> 1254243943
B76: Otros Gastos de Administración
B77: CONCEPTO | C77: =+C69 -> 45291 | D77: =+D69 -> 44926
B78: Gastos Varios | C78: 1415037516 | D78: 829831900
B79: Gastos Varios de Administración | C79: 1079689229 | D79: 126132854
B80: Gastos al Personal | C80: 648211280 | D80: 321284000
B81: Honorarios | C81: 618375134 | D81: 685018451
B82: Donaciones | C82: 17551818 | D82: 24670000
B83: Movilidad y Viático | C83: 16148669 | D83: 28446081
B84: Gastos de Tarjeta | C84: 1321012 | D84: 1205914
B85: TOTAL | C85: =SUM(C78:C84) -> 3796334658 | D85: =SUM(D78:D84) -> 2016589200
B87: R) Otros Ingresos y Egresos
B89: Otros Ingresos
B90: CONCEPTO | C90: =+C77 -> 45291 | D90: =+D77 -> 44926
B91: Alquileres Cobrados | C91: 27000000 | D91: 54000000
B92: Ingresos Varios | C92: 16079866 | D92: 47119964
B93: Gestión de Cobranza | C93: 2178155 | D93: 1884767
B94: TOTAL | C94: =SUM(C91:C93) -> 45258021 | D94: =SUM(D91:D93) -> 103004731

Sheet 10
A1: Índice
B2: CADIEM CASA DE BOLSA S.A.
B3: =+'09'!B3 -> Notas a los Estados Contables al 31 de diciembre de 2023
B5: Nota 6 – Información Referente a Contingencias y Compromisos
B7: A) Compromisos Directos: A la fecha del informe no existen compromisos directos relevantes que informar o detallar en la presente nota.
B9: B) Contingencias Legales: La empresa no cuenta con juicios ni otras acciones que comprometa a la libre disponibilidad de sus bienes ni al libre desarrollo de sus actividades comerciales.
B11: C) Garantías Constituidas: Cadiem Casa de Bolsa dando cumplimiento de la obligación establecida en la Ley 5810/17 en su artículo 111, constituyo a favor de la BVA en fecha 05/07/2023 la garantía sobre Bonos, con las siguientes características: • Emisor: Grupo Vazquez • Título: Bono • ISIN: PYGVA01F1673 • Cantidad: 100 • Valor Nominal Total: USD 100.000- • Vencimiento: 29/06/2026 • Tasa Nominal: 6,5%
B21: Nota 7 – Hechos posteriores al Cierre del Ejercicio:
B23: Entre la fecha de cierre y la fecha de emisión de estos estados financieros, no han ocurrido hechos significativos de carácter financiero o de otra índole que afecten la situación patrimonial y financiera o los resultados de la Sociedad.
B26: Nota 8 – Limitación a la libre disponibilidad de los activos o del patrimonio y cualquier restricción al derecho de propiedad.
B28: La empresa no cuenta con ningún tipo de limitación a libre disposición de los activos o de patrimonio, tampoco existe restricciones al derecho de la propiedad.
B30: Nota 9 – Cambios Contables
B32: No se incurrió a ningún cambio de procedimiento en la aplicación y estimación contable en referencia a los ejercicios anteriores al presente.
B34: Nota 10 – Restricciones para distribución de Utilidades
B36: La empresa, una vez aprobada por asamblea y retenido el Impuesto a los Dividendos y Utilidades (IDU) según esta reglamentada en el Título II de la Ley 6380/19, distribuye sin ninguna restricción las utilidades disponibles al cierre de cada periodo.
... B45: Los montos expuestos de las cuentas de orden como parte de la información de los estados contables corresponden a: -Títulos de Capital y Cupones de Intereses de Certificados de Depósitos de Ahorro, Acciones y Pagarés. Estos valores se encuentran resguardados en la caja fuerte de una entidad bancaria.

Sheet 11
A1: Índice
B2: ANEXO I
B3: CADIEM CASA DE BOLSA S.A.
B4: Cartera de Inversiones al 31/12/2023 comparativo al 31/12/2022
B6: El detalle siguiente es la composición de la cartera al cierre del ejercio 2023, la cartera se expone como corriente ya que constituye títulos disponible para la venta. Al cierre de ejercicio 2023 la cartera esta concentrada en grupos ecónomicos de la siguente manera; Grupo Cartes 28,12%, Grupo Vazquez 0,05% con relación al patrimonio de Cadiem CB.
B10: INFIRMACIÓN SOBRE EL DOCUMENTO Y EMISOR | H10: INFORMACIÓN SOBRE EL EMISOR AL FECHA DE LA ÚLTIMA INFORMACIÓN DISPONIBLE
B11: EMISOR | C11: GRUPO | D11: TIPO DE TÍTULO | E11: CANTIDAD DE TÍTULOS | F11: VALOR NOMINAL UNITARIO | G11: VALOR CONTABLE | H11: CAPITAL | I11: RESULTADO | J11: PATRIMONIO NETO
B12: Inversiones Temporarias
B13: Finexpar S.A.E.C.A. | C13: - | D13: Bono | E13: 50 | F13: 1000000 | G13: 50217260 | H13: 235765070000 | I13: 37082240738 | J13: 304103378217
B14: LCR S.A.E.C.A. | C14: Grupo Vazquez | D14: Bono | E14: 24 | F14: 1000000 | G14: 24692121 | H14: 387751000000 | I14: 1.8064835e+10 | J14: 425471885366
B15: AUTOMAQ S.A.E.C.A. | C15: - | D15: Bono | E15: 100 | F15: 1000000 | G15: 1.009863e+08 | H15: 320760000000 | I15: 52606010974 | J15: 460961828441
B16: S.A.C.I. H.Petersen | C16: - | D16: Bono | E16: 20000 | F16: 1000000 | G16: 2.0066595e+10 | H16: 6100000000 | I16: 2.5388445e+10 | J16: 2.2608295e+11
B17: FRIGORIFICO CONCEPCION S.A. | C17: - | D17: Bono | E17: 16 | F17: 1000000 | G17: 15421770 | H17: 903600000000 | I17: 144157000000 | J17: 2135343000000
B18: FRIGORIFICO CONCEPCION S.A. | C18: - | D18: Bono | E18: 50 | F18: 1000000 | G18: 50240000 | H18: 903600000000 | I18: 144157000000 | J18: 2135343000000
B19: BIOTEC DEL PARAGUAY SA | C19: - | D19: Bono | E19: 2 | F19: 1000000 | G19: 2026027.4 | H19: 20500000000 | I19: 9522131706 | J19: 52131740357
B20: BIOTEC DEL PARAGUAY SA | C20: - | D20: Bono | E20: 10 | F20: 1000000 | G20: 10125973 | H20: 20500000000 | I20: 9522131706 | J20: 52131740357
B21: ALPACA S.A. | C21: - | D21: Bono | E21: 244 | F21: 1000000 | G21: 2.499519e+08 | H21: 44800000000 | I21: 3554783745 | J21: 51626284222
B22: BIOTEC DEL PARAGUAY SA | C22: - | D22: Bono | E22: 100 | F22: 1000000 | G22: 1.015574e+08 | H22: 20500000000 | I22: 9522131706 | J22: 52131740357
B23: ITTI SAECA | C23: Grupo Vazquez | D23: Bono | E23: 17 | F23: 1000000 | G23: 17024685 | H23: 88741000000 | I23: 22191968506 | J23: 160283739970
B24: ITTI SAECA | C24: Grupo Vazquez | D24: Bono | E24: 282 | F24: 1000000 | G24: 2.8223995e+08 | H24: 88741000000 | I24: 22191968506 | J24: 160283739970
... B36: FINANCIERA PARAGUAYO JAPONESA S.A.E.C.A. | C36: - | D36: Bono | E36: 2500 | F36: 1000000 | G36: 2.5022603e+09 | H36: 94291000000 | I36: 21907129048 | J36: 151360251145
B37: República del Paraguay | C37: - | D37: Bono | E37: 30000 | F37: 1000000 | G37: 3.1502346e+10 | H37: N/A | I37: N/A | J37: N/A
B38: República del Paraguay | C38: - | D38: Bono | E38: 20000 | F38: 1000000 | G38: 2.0575014e+10 | H38: N/A | I38: N/A | J38: N/A
B39: FINANCIERA PARAGUAYO JAPONESA S.A.E.C.A. | C39: - | D39: CDA | E39: 1 | F39: 120000000 | G39: 1.2008659e+08 | H39: 94291000000 | I39: 21907129048 | J39: 151360251145
B40: Tu Financiera S.A. | C40: - | D40: CDA | E40: 1 | F40: 200000000 | G40: 2.0780855e+08 | H40: 71531000000 | I40: 1.8331609e+10 | J40: 1.5094812e+11
B41: VISION BANCO S.A.E.C.A. | C41: - | D41: CDA | E41: 1 | F41: 115000000 | G41: 1.3087668e+08 | H41: 584779500000 | I41: -48984230470 | J41: 780241664088
B42: Finexpar S.A.E.C.A. | C42: - | D42: CDA | E42: 1 | F42: 105000000 | G42: 1.0207809e+08 | H42: 235765070000 | I42: 37082240738 | J42: 304103378217
B43: Sudameris Bank | C43: - | D43: CDA | E43: 1 | F43: 100000000 | G43: 99907640 | H43: 2373667112000 | I43: 594188888234 | J43: 3.3441401e+12
B44: Terrenos | C44: - | D44: Tìtulo | F44: 4048832577 | G44: 4048832577 | H44: N/A | I44: N/A | J44: N/A
B45: Gestiones y Cobranzas SA | C45: - | D45: Pagarè | E45: 1 | F45: 395013815 | G45: 304333646 | H45: 74203200000 | I45: 5089678921 | J45: 125853106134
B46: SUB TOTAL GS | G46: =SUM(G13:G45) -> 8.2907726e+10
B47: Finexpar S.A.E.C.A. | C47: - | D47: CDA | E47: 1 | F47: 100000 | G47: 101039.16 | H47: 235765070000 | I47: 37082240738 | J47: 304103378217
B48: Finexpar S.A.E.C.A. | C48: - | D48: CDA | E48: 1 | F48: 100000 | G48: 101039.16 | H48: 235765070000 | I48: 37082240738 | J48: 304103378217
B49: Finexpar S.A.E.C.A. | C49: - | D49: CDA | E49: 1 | F49: 100000 | G49: 101039.16 | H49: 235765070000 | I49: 37082240738 | J49: 304103378217
B50: Finexpar S.A.E.C.A. | C50: - | D50: CDA | E50: 1 | F50: 100000 | G50: 101039.16 | H50: 235765070000 | I50: 37082240738 | J50: 304103378217
B51: Finexpar S.A.E.C.A. | C51: - | D51: CDA | E51: 1 | F51: 100000 | G51: 101039.16 | H51: 235765070000 | I51: 37082240738 | J51: 304103378217
B52: Finexpar S.A.E.C.A. | C52: - | D52: CDA | E52: 1 | F52: 100000 | G52: 101039.16 | H52: 235765070000 | I52: 37082240738 | J52: 304103378217
B53: Finexpar S.A.E.C.A. | C53: - | D53: CDA | E53: 1 | F53: 100000 | G53: 101039.16 | H53: 235765070000 | I53: 37082240738 | J53: 304103378217
B54: Finexpar S.A.E.C.A. | C54: - | D54: CDA | E54: 1 | F54: 100000 | G54: 101039.16 | H54: 235765070000 | I54: 37082240738 | J54: 304103378217
B55: Finexpar S.A.E.C.A. | C55: - | D55: CDA | E55: 1 | F55: 100000 | G55: 101039.16 | H55: 235765070000 | I55: 37082240738 | J55: 304103378217
B56: Finexpar S.A.E.C.A. | C56: - | D56: CDA | E56: 1 | F56: 100000 | G56: 101039.16 | H56: 235765070000 | I56: 37082240738 | J56: 304103378217
B57: Finexpar S.A.E.C.A. | C57: - | D57: CDA | E57: 1 | F57: 100000 | G57: 101039.3 | H57: 235765070000 | I57: 37082240738 | J57: 304103378217
B58: Finexpar S.A.E.C.A. | C58: - | D58: CDA | E58: 1 | F58: 100000 | G58: 101039.3 | H58: 235765070000 | I58: 37082240738 | J58: 304103378217
... B69: Finexpar S.A.E.C.A. | C69: - | D69: Bono | E69: 177 | F69: 1000 | G69: 178243.85 | H69: 235765070000 | I69: 37082240738 | J69: 304103378217
B70: SUB TOTAL USD | G70: =SUM(G47:G69) -> 6960772.1
B71: TIPO DE CAMBIO | G71: 7263.59
B72: SUB TOTAL EN GS | G72: =+G71*G70 -> 5.0560195e+10
B73: TOTAL AL 31/12/2023 | G73: =+G72+G46 -> 1.3346792e+11
B74: TOTAL AL 31/12/2022 | G74: 1.8918414e+11
B76: Inversiones Permanentes
B77: BOLSA DE VALORES Y PRODUCTOS DE ASUNCIÓN | D77: Acciones Ordinarias | E77: 1 | F77: 200000000 | G77: 1003000000 | H77: 9200000000 | I77: 6369990194 | J77: 35494262428
B78: CAJA DE VALORES DEL PARAGUAY | D78: Acciones Ordinarias | E78: 4250 | F78: 1000000 | G78: 4250000000 | H78: 18000000000 | I78: -1533036350 | J78: 16530282271
B79: CADIEM AFPISA | D79: Acciones Ordinarias | E79: 171034 | F79: 100000 | G79: 24704328739 | H79: 20146300000 | I79: 6625711252 | J79: 28217442201
B80: SUB TOTAL GS | G80: =SUM(G77:G79) -> 29957328739
B81: =+B73 -> TOTAL AL 31/12/2023 | G81: =+G80 -> 29957328739
B82: =+B74 -> TOTAL AL 31/12/2022 | G82: 27408316538
B86: CUENTAS | C86: VALOR DE COSTO | D86: VALOR CONTABLE | E86: VALOR NOMINAL UNITARIO | F86: VALOR DE COTIZACIÓN
B87: Inversiones Corrientes
B88: Finexpar S.A.E.C.A. | C88: Bono | D88: 50 | E88: 1000000 | F88: 50217260
B89: LCR S.A.E.C.A. | C89: Bono | D89: 24 | E89: 1000000 | F89: 24692121
B90: AUTOMAQ S.A.E.C.A. | C90: Bono | D90: 100 | E90: 1000000 | F90: 1.009863e+08
B91: S.A.C.I. H.Petersen | C91: Bono | D91: 20000 | E91: 1000000 | F91: 2.0066595e+10
B92: FRIGORIFICO CONCEPCION S.A. | C92: Bono | D92: 16 | E92: 1000000 | F92: 15421770
B93: FRIGORIFICO CONCEPCION S.A. | C93: Bono | D93: 50 | E93: 1000000 | F93: 50240000
B94: BIOTEC DEL PARAGUAY SA | C94: Bono | D94: 2 | E94: 1000000 | F94: 2026027.4
B95: BIOTEC DEL PARAGUAY SA | C95: Bono | D95: 10 | E95: 1000000 | F95: 10125973
B96: ALPACA S.A. | C96: Bono | D96: 244 | E96: 1000000 | F96: 2.499519e+08
B97: BIOTEC DEL PARAGUAY SA | C97: Bono | D97: 100 | E97: 1000000 | F97: 1.015574e+08
B98: ITTI SAECA | C98: Bono | D98: 17 | E98: 1000000 | F98: 17024685
B99: ITTI SAECA | C99: Bono | D99: 282 | E99: 1000000 | F99: 2.8223995e+08
... B118: Sudameris Bank | C118: CDA | D118: 1 | E118: 100000000 | F118: 99907640
B119: Terrenos | C119: Tìtulo | E119: 4048832577 | F119: 4048832577
B120: Gestiones y Cobranzas SA | C120: Pagarè | D120: 1 | E120: 395013815 | F120: 304333646
B121: SUB TOTAL GS | C121: =SUM(C88:C120) -> 0 | D121: =SUM(D88:D120) -> 75708 | F121: =SUM(F88:F120) -> 8.2907726e+10
B122: Finexpar S.A.E.C.A. | C122: CDA | D122: 1 | E122: 100000 | F122: 101039.16
B123: Finexpar S.A.E.C.A. | C123: CDA | D123: 1 | E123: 100000 | F123: 101039.16
B124: Finexpar S.A.E.C.A. | C124: CDA | D124: 1 | E124: 100000 | F124: 101039.16
B125: Finexpar S.A.E.C.A. | C125: CDA | D125: 1 | E125: 100000 | F125: 101039.16
B126: Finexpar S.A.E.C.A. | C126: CDA | D126: 1 | E126: 100000 | F126: 101039.16
B127: Finexpar S.A.E.C.A. | C127: CDA | D127: 1 | E127: 100000 | F127: 101039.16
B128: Finexpar S.A.E.C.A. | C128: CDA | D128: 1 | E128: 100000 | F128: 101039.16
B129: Finexpar S.A.E.C.A. | C129: CDA | D129: 1 | E129: 100000 | F129: 101039.16
B130: Finexpar S.A.E.C.A. | C130: CDA | D130: 1 | E130: 100000 | F130: 101039.16
B131: Finexpar S.A.E.C.A. | C131: CDA | D131: 1 | E131: 100000 | F131: 101039.16
B132: Finexpar S.A.E.C.A. | C132: CDA | D132: 1 | E132: 100000 | F132: 101039.3
B133: Finexpar S.A.E.C.A. | C133: CDA | D133: 1 | E133: 100000 | F133: 101039.3
... B144: Finexpar S.A.E.C.A. | C144: Bono | D144: 177 | E144: 1000 | F144: 178243.85
B145: SUB TOTAL USD | F145: =SUM(F122:F144) -> 6960772.1
B146: TIPO DE CAMBIO | F146: 7263.59
B147: SUB TOTAL EN GS | F147: =+F145*F146 -> 5.0560195e+10
B148: =+B81 -> TOTAL AL 31/12/2023 | F148: =+F147+F121 -> 1.3346792e+11
B149: =+B82 -> TOTAL AL 31/12/2022 | F149: 1.8918414e+11
B151: Inversiones No Corrientes
B152: BOLSA DE VALORES Y PRODUCTOS DE ASUNCIÓN | C152: Acciones Ordinarias | D152: 1 | E152: 200000000 | F152: 1003000000
B153: CAJA DE VALORES DEL PARAGUAY | C153: Acciones Ordinarias | D153: 4250 | E153: 1000000 | F153: 4250000000
B154: CADIEM AFPISA | C154: Acciones Ordinarias | D154: 171034 | E154: 100000 | F154: 24704328739
B155: SUB TOTAL GS | D155: =SUM(D152:D154) -> 175285 | F155: =SUM(F152:F154) -> 29957328739
B156: =+B148 -> TOTAL AL 31/12/2023 | F156: =+F155 -> 29957328739
B157: =+B149 -> TOTAL AL 31/12/2022 | F157: =+$G$82 -> 27408316538
D160: Acción de la Bolsa de Valores
...

Sheet 12
A1: Índice
B2: ANEXO II
B3: CADIEM CASA DE BOLSA S.A.
B4: Cuadro de Bienes de Uso al 31 de Diciembre del 2023
B5: (En Guaraníes)
B6: R U B R O | C6: VALORES ORIGINALES | H6: DEPRECIACIONES | M6: NETO RESULTANTE
C7: Valores al inicio | D7: Altas | E7: Bajas | F7: Revalúo del Período | G7: Valores al Cierre | H7: Acumuladas al inicio | I7: Altas | J7: Bajas | K7: Depreciación del Período | L7: Acumuladas al Cierre
B8: Bienes de uso e intangible
B9: Muebles y Útiles | C9: 613590337 | D9: 20352726 | E9: 0 | F9: 0 | G9: 633943063 | H9: -243286447 | I9: 0 | J9: 0 | K9: -59536256 | L9: -302822703 | M9: 331120360
B10: Equipos de Oficina | C10: 364597087 | D10: 1000000 | E10: 0 | F10: 0 | G10: 365597087 | H10: -155429878 | I10: 0 | J10: 0 | K10: -34412852 | L10: -189842730 | M10: 175754357
B11: Equipos de Informática | C11: 682148622 | D11: 64105948 | E11: 1818182 | F11: 0 | G11: 744436388 | H11: -422091306 | I11: 0 | J11: 0 | K11: -127315372 | L11: -549406678 | M11: 195029710
B12: Instalaciones | C12: 1188239967 | D12: 0 | E12: 0 | F12: 0 | G12: 1188239967 | H12: -507356403 | I12: 0 | J12: 0 | K12: -94200771 | L12: -601557174 | M12: 586682793
B13: Mejoras en Predio Ajeno | C13: 645149399 | D13: 54996364 | E13: 0 | F13: 0 | G13: 700145763 | H13: -631948800 | I13: 0 | J13: 0 | K13: -5301246 | L13: -637250046 | M13: 62895717
B14: Maquinarias y Equipos | C14: 26735570 | D14: 0 | E14: 0 | F14: 0 | G14: 26735570 | H14: -19558032 | I14: 0 | J14: 0 | K14: -2208473 | L14: -21766505 | M14: 4969065
B15: =+'09'!C90 -> 45291 | C15: =SUM(C9:C14) -> 3520460982 | D15: =SUM(D9:D14) -> 140455038 | E15: =SUM(E9:E14) -> 1818182 | F15: =SUM(F9:F14) -> 0 | G15: =SUM(G9:G14) -> 3659097838 | H15: =SUM(H9:H14) -> -1979670866 | I15: =SUM(I9:I14) -> 0 | J15: =SUM(J9:J14) -> 0 | ... L15: =SUM(L9:L14) -> -2302645836 | M15: =+G15+L15 -> 1356452002
B16: =+'07'!D98 -> 44926 | C16: 3302235601 | D16: 221339686 | E16: 3114305 | F16: 0 | G16: 3520460982 | H16: -1596453076 | I16: 0 | J16: 0 | K16: 383217790 | L16: -1979670866 | M16: 1540790116

Sheet 13
A1: Índice
B2: ANEXO III
B3: CADIEM CASA DE BOLSA S.A.
B4: Cuadro de Intangibles por al 31 de Diciembre del 2023
B5: (En Guaraníes)
B6: R U B R O | C6: VALORES ORIGINALES | H6: DEPRECIACIONES | M6: NETO RESULTANTE
C7: Valores al inicio | D7: Altas | E7: Bajas | F7: Revalúo del Período | G7: Valores al Cierre | H7: Acumuladas al inicio | I7: Altas | J7: Bajas | K7: Depreciación del Período | L7: Acumuladas al Cierre
B8: Bienes de uso e intangible
B9: Licencias | C9: 283752644 | D9: 42209914 | E9: 0 | F9: 0 | G9: 325962558 | H9: -122024443 | I9: 0 | J9: 0 | K9: -37715517 | L9: -159739960 | M9: 166222598
B10: =+'12'!B15 -> 45291 | C10: =SUM(C9) -> 283752644 | D10: =SUM(D9) -> 42209914 | E10: =SUM(E9) -> 0 | F10: =SUM(F9) -> 0 | G10: =SUM(G9) -> 325962558 | H10: =SUM(H9) -> -122024443 | I10: =SUM(I9) -> 0 | J10: =SUM(J9) -> 0 | ... M10: =SUM(M9) -> 166222598
B11: =+'12'!B16 -> 44926 | C11: 270840132 | D11: 12912512 | E11: 0 | F11: 0 | G11: 283752644 | H11: -86891427 | I11: 0 | J11: 0 | K11: -35133016 | L11: -122024443 | M11: 161728201

Sheet 14
A1: Índice
B2: ANEXO DE CAPITAL
B3: CADIEM CASA DE BOLSA S.A.
B4: Composición Accionaria al 31/12/2023
B6: CAPITAL INTEGRADO
B7: Accionistas | C7: Serie | E7: N° de Acciones | G7: Cantidad de Acciones | H7: Clase | I7: Votos por Acción | J7: Votos | K7: Valor Nominal | L7: Capital Integrado | M7: % Participación en el Capital Integrado | N7: (%) Votos
C8: del | D8: al | E8: del | F8: al
B9: Gloria Ayala Person | C9: 1 | D9: 3 | E9: 1 | F9: 250 | G9: 250 | H9: OVM | I9: 5 | J9: 1250 | K9: 1000000 | L9: 250000000 | M9: 0.0066768154 | N9: 0.013241105
B10: César Paredes Franco | C10: 3 | D10: 5 | E10: 251 | F10: 500 | G10: 250 | H10: OVM | I10: 5 | J10: 1250 | K10: 1000000 | L10: 250000000 | M10: 0.0066768154 | N10: 0.013241105
B11: Elías Miguel Gelay | C11: 6 | D11: 8 | E11: 501 | F11: 750 | G11: 250 | H11: OVM | I11: 5 | J11: 1250 | K11: 1000000 | L11: 250000000 | M11: 0.0066768154 | N11: 0.013241105
B12: Liliana Yolanda Meza | C12: 8 | D12: 10 | E12: 751 | F12: 1000 | G12: 250 | H12: OVM | I12: 5 | J12: 1250 | K12: 1000000 | L12: 250000000 | M12: 0.0066768154 | N12: 0.013241105
B13: Gloria Ayala Person | C13: 41 | D13: 45 | E13: 4001 | F13: 4500 | G13: 500 | H13: OVM | I13: 5 | J13: 2500 | K13: 1000000 | L13: 500000000 | M13: 0.013353631 | N13: 0.026482209
B14: César Paredes Franco | C14: 46 | D14: 50 | E14: 4501 | F14: 5000 | G14: 500 | H14: OVM | I14: 5 | J14: 2500 | K14: 1000000 | L14: 500000000 | M14: 0.013353631 | N14: 0.026482209
B15: Elías Miguel Gelay | C15: 51 | D15: 55 | E15: 5001 | F15: 5500 | G15: 500 | H15: OVM | I15: 5 | J15: 2500 | K15: 1000000 | L15: 500000000 | M15: 0.013353631 | N15: 0.026482209
B16: Liliana Yolanda Meza | C16: 56 | D16: 60 | E16: 5501 | F16: 6000 | G16: 500 | H16: OVM | I16: 5 | J16: 2500 | K16: 1000000 | L16: 500000000 | M16: 0.013353631 | N16: 0.026482209
B17: Gloria Ayala Person | C17: 61 | D17: 63 | E17: 6001 | F17: 6250 | G17: 250 | H17: OVM | I17: 5 | J17: 1250 | K17: 1000000 | L17: 250000000 | M17: 0.0066768154 | N17: 0.013241105
B18: César Paredes Franco | C18: 63 | D18: 65 | E18: 6251 | F18: 6500 | G18: 250 | H18: OVM | I18: 5 | J18: 1250 | K18: 1000000 | L18: 250000000 | M18: 0.0066768154 | N18: 0.013241105
B19: Elías Miguel Gelay | C19: 66 | D19: 68 | E19: 6501 | F19: 6750 | G19: 250 | H19: OVM | I19: 5 | J19: 1250 | K19: 1000000 | L19: 250000000 | M19: 0.0066768154 | N19: 0.013241105
B20: Liliana Yolanda Meza | C20: 68 | D20: 70 | E20: 6751 | F20: 7000 | G20: 250 | H20: OVM | I20: 5 | J20: 1250 | K20: 1000000 | L20: 250000000 | M20: 0.0066768154 | N20: 0.013241105
... B352: Liliana Yolanda Meza | C352: 496 | D352: 498 | E352: 49514 | F352: 49740 | G352: 227 | H352: OVM | I352: 5 | J352: 1135 | K352: 1000000 | L352: 227000000 | M352: 0.0060625484 | N352: 0.012022923
B354: TOTAL | G354: =SUM(G9:G353) -> 37443 | J354: =SUM(J9:J353) -> 94403 | L354: =SUM(L9:L353) -> 37443000000 | M354: =SUM(M9:M353) -> 1 | N354: =SUM(N9:N353) -> 1
